 Dungeon Crawl Stone Soup version 0.30-a0-782-ge64f9170bb (console) character file.

Game seed: 16043889321543962500

83 utis the Gusty (level 4, -2/24 HPs)
             Began as a Tengu Wanderer on Mar 9, 2023.
             Slain by an ice beast (14 damage)
             ... on level 3 of the Dungeon.
             The game lasted 00:06:57 (2684 turns).

utis the Gusty (Tengu Wanderer)                     Turns: 2684, Time: 00:06:57

Health: -2/24      AC:  6    Str: 13    XL:     4   Next: 44%
Magic:  2/6        EV: 10    Int: 22    God:
Gold:   168        SH:  0    Dex: 11    Spells: 2/5 levels left

rFire   . . .      SeeInvis .    a - +2 mace
rCold   . . .      Faith    .    (no shield)
rNeg    . . .      Spirit   .    b - +0 ring mail
rPois   .          Reflect  .    (helmet restricted)
rElec   .          Harm     .    r - +0 cloak
rCorr   .          Rampage  .    (no gloves)
Will    .....                    (boots unavailable)
Stlth   +                        (no amulet)
HPRegen 0.24/turn                I - +6 ring of intelligence
MPRegen 0.10/turn                (no ring)

@: no status effects
A: beak, talons 3
a: no special abilities


You were on level 3 of the Dungeon.
You visited 1 branch of the dungeon, and saw 3 of its levels.

You collected 168 gold pieces.

Inventory:

Hand Weapons
 a - a +2 mace (weapon)
Missiles
 l - 23 stones
 o - 2 boomerangs
 s - 3 atropa-tipped darts
Armour
 b - a +0 ring mail (worn)
 r - a +0 cloak (worn)
Jewellery
 C - a ring of ice
 I - a +6 ring of intelligence (left hand)
Scrolls
 d - a scroll of fear {unknown}
 g - 3 scrolls of teleportation {unknown}
 h - a scroll of fog {unknown}
 i - 3 scrolls of identify {unknown}
 n - 2 scrolls of enchant armour {unknown}
 p - a scroll of blinking {unknown}
 t - a scroll of magic mapping {unknown}
 u - a scroll of noise {unknown}
 v - a scroll of vulnerability {unknown}
Potions
 c - a potion of heal wounds {@q2}
 e - a potion of haste {unknown}
 f - 3 potions of curing {unknown}
 j - 3 potions of flight {unknown}
 k - a potion of degeneration {unknown}
 m - a potion of mutation {unknown}
 q - a potion of lignification {unknown}


   Skills:
 + Level 0.1 Fighting
 - Level 3.2 Maces & Flails
 - Level 1.0 Throwing
 - Level 2.1 Armour
 + Level 0.2 Dodging
 - Level 1.0 Spellcasting
 * Level 1.8 Conjurations
 - Level 5.0 Air Magic
 - Level 1.0 Invocations
 - Level 1.0 Evocations


You had 2 spell levels left.
You knew the following spells:

 Your Spells              Type           Power      Damage    Failure   Level
t - Static Discharge      Conj/Air       32%        2-4/arc   12%         2
z - Shock                 Conj/Air       64%        1d7       8%          1

Your spell library contained the following spells:

 Spells                   Type           Power      Damage    Failure   Level
 Freeze                   Ice            4%         1d3       32%         1
 Vhi's Electric Charge    Tloc/Air       24%        N/A       34%         3
 Hailstorm                Conj/Ice       5%         3d4       54%         3
 Frozen Ramparts          Ice            2%         1d1       67%         3
 Arcjolt                  Conj/Air       8%         1d18      91%         5
 Lightning Bolt           Conj/Air       8%         1d20      91%         5
 Chain Lightning          Conj/Air       8%         3d10      100%        9
 Fire Storm               Conj/Fire      2%         8d1       100%        9
 Shatter                  Erth           0%         3d5*      100%        9


Dungeon Overview and Level Annotations

Branches:
Dungeon (3/15)

Altars:


Innate Abilities, Weirdness & Mutations

You have a beak for a mouth.
You have claws for feet.


Message History

The endoplasm barely misses you.
You hit the endoplasm. You claw the endoplasm.
You kill the endoplasm!
No target in view!
u - a scroll labelled GYRAUL HOSUZU
I - a +6 ring of intelligence You feel clever.
I - a +6 ring of intelligence (left hand) Unknown command.
v - a scroll labelled OGUAGIJOKHO An ice beast comes into view.
You start waiting.
An ice beast is nearby!
Aiming: Shock (safe; 8% risk of failure)
Press: ? - help, Q - select action, (/) - cycle Shift-Dir - straight line The zap hits the ice beast.
The ice beast is moderately wounded.
The zap misses the ice beast.
Aiming: Shock (safe; 8% risk of failure)
Press: ? - help, Q - select action, (/) - cycle Shift-Dir - straight line The zap misses the ice beast. x2
Aiming: Shock (safe; 8% risk of failure)
Press: ? - help, Q - select action, (/) - cycle Shift-Dir - straight line The zap hits the ice beast.
The ice beast is heavily wounded.
The zap hits the ice beast.
The ice beast is heavily wounded.
The ice beast hits you. The ice beast freezes you!
Aiming: Shock (safe; 8% risk of failure)
Press: ? - help, Q - select action, (/) - cycle Shift-Dir - straight line The zap hits the ice beast but does no damage.
The ice beast is heavily wounded.
The zap hits the ice beast.
The ice beast is heavily wounded.
* * * LOW MAGIC WARNING * * *
The ice beast hits you.
* * * LOW HITPOINT WARNING * * *
The ice beast freezes you!
Ouch! That really hurt!
You die...

░.......░ ░░░....... ░.......░
░........ ░░░░.░░░░░░░ ░..Y....
░.░░░░░....░...░ ░......
░.....)....░...░░░ ░.....
░░░░░░.....'...'.░ ░....
░.....░...░)░ ░...░
░░░░░░░░.....░...░.░░ +...░░░░░░░
░..YQ[...░.░.░...░...
░.........░░░.░░░░░..░.░.░...░░░.
.......Y.........[..............>
░░░░░░░░░...░.░░░░░..░.......░░░'
░░░░░░░░░...░░░ ░..░......░░░..
░.............░░░..░......░ ░..
░..................░......░ ░..
░░░...........░░.░...░......░ ░..
..............░░.░...░......░ ░..


You could see an ice beast.

Vanquished Creatures
  2 adders (D:2)
  2 dart slugs (D:2)
  An orc (D:3)
  9 endoplasms
  2 giant cockroaches (D:1)
  4 goblins
  4 hobgoblins
  3 jackals (D:1)
  4 kobolds
  5 quokkas
  6 ball pythons
  2 bats
  3 frilled lizards
  7 rats
54 creatures vanquished.

Notes
Turn   | Place    | Note
-------+----------+-------------------------------------------
     0 | D:1      | utis the Tengu Wanderer began the quest for the Orb.
     0 | D:1      | utis set off with the following items: a +2 mace, a +0 ring
                  | mail, a potion of heal wounds {@q2}; and the following
                  | spell memorised: Shock; and the following spells available
                  | to memorise: Hailstorm.
     0 | D:1      | Reached XP level 1. HP: 10/10 MP: 3/3
    91 | D:1      | Reached skill level 1 in Air Magic
   212 | D:1      | Reached skill level 2 in Air Magic
   212 | D:1      | Reached XP level 2. HP: 4/15 MP: 4/4
   557 | D:1      | Reached skill level 3 in Air Magic
   814 | D:1      | Reached XP level 3. HP: 15/19 MP: 5/5
  1381 | D:2      | Reached skill level 4 in Air Magic
  1776 | D:2      | Reached XP level 4. HP: 24/24 MP: 6/6
  2040 | D:2      | Reached skill level 5 in Air Magic
  2507 | D:3      | Learned a level 2 spell: Static Discharge
  2664 | D:3      | Noticed an ice beast
  2684 | D:3      | Slain by an ice beast

Illustrated notes

Levels and vault maps discovered:
D:1:      dpeg_arrival_refuge, layout_basic, serial_rivers,
          chequers_serial_rivers_room_a, chequers_serial_rivers_large_a,
          chequers_serial_rivers_micro_d, chequers_serial_rivers_room_b,
          chequers_serial_rivers_small_3
D:2:      layout_basic
D:3:      layout_basic, amcnicky_mini_rare_corridor_liquid

Skill      XL: |  1  2  3  4 |
---------------+-------------+-----
Air Magic      | 2 3 4 5 |  5.0
Fighting       | |  0.1
Maces & Flails | |  3.2
Throwing       | |  1.0
Armour         | |  2.1
Dodging        | |  0.2
Spellcasting   | |  1.0
Conjurations   | |  1.8
Invocations    | |  1.0
Evocations     | |  1.0

Action                     |  1- 3 |  4- 6 || total
---------------------------+-------+-------++-------
  Melee: Mace              |    78 |    29 ||   107
         Peck              |    19 |     1 ||    20
         Kick              |    13 |     6 ||    19
   Cast: Shock             |     3 |     8 ||    11
 Armour: Ring mail         |    26 |    13 ||    39
  Dodge: Dodged            |    23 |    17 ||    40

Table legend: (Time is in decaauts)
 A = Elapsed time spent in this place.
 B = Non-inter-level travel time spent in this place.
 C = Inter-level travel time spent in this place.
 D = Time resting spent in this place.
 E = Time spent auto-exploring this place.
 F = Levels seen in this place.
 G = Mean time per level.
                   A        B        C        D        E       F      G
               +--------+--------+--------+--------+--------+-----+--------+
         Total |   2719 |   2638 |     81 |    275 |   1829 |   3 |  906.3 |
       Dungeon |   2719 |   2638 |     81 |    275 |   1829 |   3 |  906.3 |
               +--------+--------+--------+--------+--------+-----+--------+

Top non-repeatable levels by time:
     D:1: 1353 daAuts
     D:2: 896 daAuts
     D:3: 469 daAuts
